 Dungeon Crawl Stone Soup version 0.20.1-2-g1830e616b0 (webtiles) character file.

210 Alfie the Shooter (level 5, -10/45 HPs)
             Began as a Minotaur Hunter on Feb 5, 2020.
             Killed by nerve-wracking pain
             ... invoked by Menkaure
              (16 damage)
             ... on level 4 of the Dungeon.
             The game lasted 00:10:07 (2584 turns).

Alfie the Shooter (Minotaur Hunter)                 Turns: 2584, Time: 00:10:07

Health: -10/45     AC:  3    Str: 18    XL:     5   Next: 56%
Magic:  4/4        EV: 12    Int:  8    God:
Gold:   162        SH:  0    Dex: 10    Spells: 4/4 levels left

rFire    . . .     SeeInvis .   k - +2 short sword (elec)
rCold    . . .     Gourm    .   (no shield)
rNeg     . . .     Faith    .   c - +0 leather armour
rPois    .         Spirit   .   (helmet restricted)
rElec    .         Reflect  .   (no cloak)
rCorr    .         Harm     +   (no gloves)
MR       .....                  (no boots)
Stlth    +.........             p - amulet of harm
Regen    0.2/turn               (no ring)
MPRegen  0.1/turn               (no ring)

@: no status effects
A: retaliatory headbutt, horns 2
a: no special abilities


You were on level 4 of the Dungeon.
You were not hungry.

You visited 1 branch of the dungeon, and saw 4 of its levels.

You collected 162 gold pieces.

Inventory:

Hand Weapons
 a - a +1 shortbow
 k - a +2 short sword of electrocution (weapon)
Missiles
 d - 46 arrows
Armour
 c - a +0 leather armour (worn)
 h - a +1 helmet
 s - a +0 pair of gloves
 t - a scarf of cloud immunity
Jewellery
 p - an amulet of harm (around neck)
Wands
 f - a wand of digging (7/24)
 u - a wand of random effects (20/48)
Scrolls
 e - 4 scrolls of teleportation
 n - a scroll of fog
 o - a scroll of remove curse
Potions
 b - a potion of mutation {unknown}
 i - 2 potions of might {unknown}
 j - a potion of degeneration {unknown}
 l - a potion of invisibility {unknown}
 m - 3 potions of curing {unknown}
 r - a potion of brilliance {unknown}
Comestibles
 g - a meat ration
 q - 2 bread rations


   Skills:
 + Level 3.0 Fighting
 + Level 0.7 Short Blades
 + Level 6.7 Bows
 + Level 2.3 Armour
 + Level 2.4 Dodging
 + Level 1.0 Stealth


You had 4 spell levels left.
You didn't know any spells.

Dungeon Overview and Level Annotations

Branches:
Dungeon (4/15)             Temple (0/1) D:4

Altars:
Uskayaw

Shops:
D:4 }

Annotations:
D:4 Menkaure


Innate Abilities, Weirdness & Mutations

You reflexively headbutt those who attack you in melee.
You have a pair of horns on your head.


Message History

There is an entrance to Miom's Gadget Shoppe here.
Menkaure calls on the powers of darkness!
Your body is wracked with pain!
Menkaure gestures at you while chanting.
Pain shoots through your body!
* * * LOW HITPOINT WARNING * * *
Menkaure mumbles some strange words.
Menkaure seems to speed up.
Menkaure shrieks, "Why can't you leave me to my rest?"
Menkaure calls on the powers of darkness!
Your body is wracked with pain!
* * * LOW HITPOINT WARNING * * *
Menkaure points at you and mumbles some strange words.
Pain shoots through your body!
* * * LOW HITPOINT WARNING * * *
Menkaure grins.
There is a stone staircase leading down here.
Menkaure casts a spell at you. Pain shoots through your body!
You die...

#........#######
#........)......
#........#########
#........'.......#
#........#######.####
#........# #........
#........# #........
####.#...####.†......
#@....+...........
#########M..####........
#...........##.......<.#
#.......................
#...................#.##
#..............##.#.....
#...........##.##.#...##
#.#.#####...⌠..####.##.#.....
#...................##.#..##.


You could see Menkaure.

Vanquished Creatures
  Jessica (D:2)
  Ijyb (D:3)
  An orc wizard (D:3)
  A worker ant (D:4)
  4 adders
  An ooze (D:3)
  4 worms
  4 leopard geckos
  6 orcs (D:3)
  6 bats
  4 giant cockroaches
  3 goblins
  3 hobgoblins
  3 frilled lizards
  9 kobolds
  5 rats
56 creatures vanquished.

Notes
Turn   | Place    | Note
-------+----------+-------------------------------------------
     0 | D:1      | Alfie the Minotaur Hunter began the quest for the Orb.
     0 | D:1      | Reached XP level 1. HP: 18/18 MP: 0/0
   148 | D:1      | Reached XP level 2. HP: 25/25 MP: 1/1
   298 | D:1      | Reached skill level 5 in Bows
   573 | D:2      | Noticed Jessica
   574 | D:2      | Killed Jessica
   574 | D:2      | Reached XP level 3. HP: 30/30 MP: 2/2
   862 | D:2      | Found a faded altar of an unknown god.
   916 | D:2      | Reached skill level 1 in Armour
  1165 | D:2      | Reached XP level 4. HP: 29/37 MP: 3/3
  1409 | D:3      | Noticed Ijyb
  1414 | D:3      | Killed Ijyb
  1414 | D:3      | Reached skill level 6 in Bows
  1610 | D:3      | Reached skill level 1 in Stealth
  1731 | D:3      | Found a hide-covered altar of Uskayaw.
  1731 | D:3      | Noticed a hand axe
  1731 | D:3      | Noticed a dagger
  1888 | D:3      | Reached XP level 5. HP: 42/42 MP: 4/4
  2512 | D:4      | Found a staircase to the Ecumenical Temple.
  2543 | D:4      | Found Miom's Gadget Shoppe.
  2553 | D:4      | Noticed Menkaure
  2584 | D:4      | Killed from afar by Menkaure

Skill      XL: |  1  2  3  4  5 |
---------------+----------------+-----
Bows           | 5 6 |  6.7
Armour         | 1 2 |  2.3
Stealth        | 1 |  1.0
Fighting       | 3 |  3.0
Short Blades   | |  0.7
Dodging        | |  2.4

Action                   |  1- 3 |  4- 6 || total
-------------------------+-------+-------++-------
Melee: Short sword       |    14 |    14 ||    28
       Headbutt          |     1 |     1 ||     2
 Fire: Shortbow          |    50 |    65 ||   115
  Use: Scroll            |     3 |     5 ||     8
 Stab: Distracted        |     1 |       ||     1
  Eat: Bread ration      |     1 |     1 ||     2
Armor: Leather armour    |     4 |     4 ||     8
Dodge: Dodged            |    11 |    17 ||    28
